 Dungeon Crawl Stone Soup version 0.14.1-24-gbdbe590 (console) character file.

552 5ubbak the Vexing (level 6, -13/36 HPs)
             Began as an Octopode Enchanter on July 3, 2014.
             Was an Initiate of Sif Muna.
             Mangled by Menkaure (19 damage)
             ... on Level 4 of the Dungeon.
             The game lasted 00:15:43 (3516 turns).

5ubbak the Vexing (Octopode Enchanter)              Turns: 3516, Time: 00:15:43

HP -13/36        AC  1     Str  8      XL: 6   Next: 72%
MP   2/11        EV 14     Int 18      God: Sif Muna [......]
Gold 178         SH  8     Dex 13      Spells:  4 memorised,  3 levels left

rFire  + . .     SeeInvis .     a - +1 dagger
rCold  + . .     Clarity  .     D - +0 buckler
rNeg   . . .     Conserve .     (helmet restricted)
rPois  .         rCorr    .     (no amulet)
rElec  .         rRot     .     e - +3 ring of evasion
SustAb . .       Spirit   .     u - ring of protection from cold
rMut   .         Warding  .     r - ring of protection from fire
Saprov . . .     Stasis   .     (no ring)
MR     .....                    (no ring)
                                (no ring)
                                (no ring)
                                (no ring)

@: very slightly contaminated, not resistant to hostile enchantments, quite
stealthy
A: almost no armour, amphibious, 8 rings, constrict 8, camouflage 1, gelatinous
body 1
a: Renounce Religion


You were on level 4 of the Dungeon.
You worshipped Sif Muna.
Sif Muna was noncommittal.
You were not hungry.

You visited 1 branch of the dungeon, and saw 4 of its levels.

You collected 178 gold pieces.

Inventory:

Hand weapons
 a - a +1,+1 dagger (weapon)
 w - a +0,+0 club of chaos
 y - a +0,+0 club of chaos
Missiles
 d - 12 darts (quivered)
Armour
 D - a +0 buckler (worn)
Comestibles
 f - 3 bread rations
 h - a chunk of hobgoblin flesh
 l - an apple
 x - a rotting chunk of rat flesh
 z - 2 rotting chunks of orc flesh
 B - a choko
 E - 3 chunks of orc flesh
Scrolls
 b - a scroll of fear {unknown}
 i - a scroll of amnesia {unknown}
 j - a scroll of teleportation {unknown}
 m - 2 scrolls of immolation {unknown}
 p - 2 scrolls of identify
 t - a scroll of random uselessness {unknown}
Jewellery
 e - a +3 ring of evasion (left tentacle)
 r - a ring of protection from fire (on tentacle)
 u - a ring of protection from cold (right tentacle)
Potions
 g - a potion of heal wounds {unknown}
 n - a potion of confusion {unknown}
 o - 2 potions of curing
 q - a potion of paralysis {unknown}
 s - a potion of mutation {unknown}
 v - a potion of agility {unknown}
 H - 2 potions of haste {unknown}
Books
 c - a book of Maledictions

   Spells                             Type                      Level
   *Corona                            Hexes                        1
   Sure Blade                         Hexes/Charms                 2
   *Ensorcelled Hibernation           Hexes/Ice                    2
   *Confuse                           Hexes                        3
   Enslavement                        Hexes                        4
   Invisibility                       Hexes                        6
 k - a Young Poisoner's Handbook

   Spells                             Type                      Level
   *Sting                             Conjuration/Poison           1
   Cure Poison                        Poison                       2
   Mephitic Cloud                     Conjuration/Poison/Air       3
   Olgreb's Toxic Radiance            Poison                       4
   Venom Bolt                         Conjuration/Poison           5
 A - Sif Muna's Grimoire of Attacks
   (You found it on level 4 of the Dungeon)

   Spells                             Type                      Level
   *Sting                             Conjuration/Poison           1


   Skills:
 - Level 0.2 Fighting
 * Level 3.1 Short Blades
 - Level 1.0 Throwing
 - Level 2.0 Dodging
 - Level 3.1 Stealth
 - Level 1.0 Shields
 * Level 2.5 Spellcasting
 + Level 0.4 Conjurations
 * Level 4.8 Hexes
 + Level 2.5 Ice Magic
 + Level 2.1 Poison Magic


You had 3 spell levels left.
You knew the following spells:

 Your Spells              Type           Power        Failure   Level  Hunger
a - Corona                Hex            ###....      2%          1    #......
b - Ensorcelled Hibernat  Hex/Ice        ###...       8%          2    ##.....
c - Confuse               Hex            ###.....     10%         3    ###....
d - Sting                 Conj/Pois      #...         12%         1    #......


Dungeon Overview and Level Annotations

Branches:
Dungeon (4/15)
 Temple: D:4-7

Altars:
Kikubaaqudgha
Sif Muna
Xom

Annotations:
D:4 Menkaure


Innate Abilities, Weirdness & Mutations

You cannot wear most types of armour.
You are amphibious.
You can wear up to eight rings at the same time.
You can use your tentacles to constrict many enemies at once.
Your skin changes colour to match your surroundings (Stlth).
Your rubbery body absorbs attacks (AC +1).


Message History

Aim: an orc, wielding a dagger of electrocution (moderately wounded, bewildered and confused) Menkaure resists.
Casting: Confuse
Confirm with . or Enter, or press ? or * to list all spells.
Aiming: Confuse
Press: ? - help, Shift-Dir - straight line, f - Menkaure
Aim: Menkaure (moving very quickly)
You miscast Confuse.
You are very lightly contaminated with residual magic.
Your skin glows momentarily.
Menkaure calls on the powers of darkness!
Your body is wracked with pain!
* * * LOW HITPOINT WARNING * * *
Casting: Confuse
Confirm with . or Enter, or press ? or * to list all spells.
You don't have enough magic to cast that spell.
Unknown command.
Menkaure hits you!
Ouch! That really hurt!
You die...

...########.####..#
...# #..# ...#
#####..# ...#
...#..# ...#
#####.#..## ...#
#.....o..%# ...
#.###.#.### #.#M#
#.#@# #o#.# #o#.#
#o#.# #.#.# .#.#
#.# ..# ###


You could see Menkaure and an orc.

Vanquished Creatures
  An orc priest (D:3)
  3 orc wizards
  2 worker ants (D:4)
  Ijyb (D:2)
  5 adders (D:3)
  2 gnolls (D:2)
  4 giant mites
  A worm (D:2)
  4 giant geckos
  5 oozes
  5 orcs
  A ball python (D:2)
  7 giant cockroaches
  9 goblins
  7 hobgoblins
  9 jackals
  6 kobolds
  4 quokkas
  9 bats
  5 giant newts
  12 rats
102 creatures vanquished.

Vanquished Creatures (others)
  A jackal (D:3)
1 creature vanquished.

Grand Total: 103 creatures vanquished

Notes
Turn   | Place    | Note
--------------------------------------------------------------
     0 | D:1      | 5ubbak, the Octopode Enchanter, began the quest for the Orb.
     0 | D:1      | Reached XP level 1. HP: 11/11 MP: 3/3
   363 | D:1      | Reached XP level 2. HP: 17/17 MP: 4/4
   405 | D:1      | Learned a level 2 spell: Ensorcelled Hibernation
   802 | D:1      | Reached XP level 3. HP: 16/21 MP: 6/6
   815 | D:1      | Learned a level 3 spell: Confuse
  1207 | D:2      | Found an ancient bone altar of Kikubaaqudgha.
  1271 | D:2      | Reached skill level 4 in Hexes
  1271 | D:2      | Reached skill level 1 in Ice Magic
  1356 | D:2      | Reached XP level 4. HP: 27/27 MP: 7/7
  1458 | D:2      | Noticed Ijyb
  1464 | D:2      | Killed Ijyb
  1477 | D:2      | Learned a level 1 spell: Sting
  2189 | D:2      | Reached XP level 5. HP: 21/31 MP: 6/9
  2239 | D:2      | Found a shimmering altar of Xom.
  2624 | D:3      | Reached skill level 1 in Poison Magic
  2814 | D:3      | Reached skill level 1 in Shields
  2917 | D:3      | Reached XP level 6. HP: 32/36 MP: 6/11
  3225 | D:4      | Found a deep blue altar of Sif Muna.
  3261 | D:4      | Became a worshipper of Sif Muna the Loreminder
  3353 | D:4      | Identified Sif Muna's Grimoire of Attacks
  3509 | D:4      | Noticed Menkaure
  3516 | D:4      | Mangled by Menkaure

Action                   |  1- 3 |  4- 6 || total
-------------------------+-------+-------++-------
Melee: Dagger            |    93 |   117 ||   210
 Cast: Ensorcelled Hiber |    10 |    31 ||    41
       Corona            |     2 |       ||     2
       Confuse           |       |     6 ||     6
  Use: Potion            |     1 |       ||     1
       Scroll            |       |     1 ||     1
 Stab: Sleeping          |    12 |    26 ||    38
       Distracted        |     1 |       ||     1
